 Dungeon Crawl Stone Soup version 0.30-a0-748-ge6a52f7cba (webtiles) character file.

Game seed: 2132107892440991801

61 boo the Insei (level 3, -1/29 HPs)
             Began as a Demonspawn Monk on Feb 8, 2023.
             Slain by a gnoll
             ... wielding a +0 halberd
              (9 damage)
             ... on level 2 of the Dungeon.
             The game lasted 00:03:08 (1391 turns).

boo the Insei (Demonspawn Monk)                     Turns: 1391, Time: 00:03:09

Health: -1/29      AC:  7    Str: 13    XL:     3   Next: 83%
Magic:  3/3        EV: 11    Int: 11    God:
Gold:   112        SH:  0    Dex: 15    Spells: 2/2 levels left

rFire   + . .      SeeInvis .      - Unarmed
rCold   . . .      Faith    .    (no shield)
rNeg    . . .      Spirit   .    d - +1 scale mail
rPois   .          Reflect  .    (no helmet)
rElec   .          Harm     .    (no cloak)
rCorr   .          Rampage  .    (no gloves)
Will    .....                    (no boots)
Stlth   +                        (no amulet)
HPRegen 0.24/turn                n - ring of protection from fire
MPRegen 0.08/turn                (no ring)

@: weak-willed
A: powered by pain 1, sturdy frame 1
a: no special abilities


You were on level 2 of the Dungeon.
You visited 1 branch of the dungeon, and saw 2 of its levels.

You collected 112 gold pieces.

Inventory:

Armour
 a - a +0 robe
 d - a +1 scale mail (worn)
Jewellery
 j - a ring of fire
 n - a ring of protection from fire (left hand)
Scrolls
 f - a scroll of magic mapping
 k - a scroll of noise
 p - 2 scrolls of vulnerability
Potions
 b - a potion of ambrosia
 c - a potion of curing
 g - 2 potions of flight {unknown}
 i - a potion of heal wounds {unknown}
 m - a potion of attraction {unknown}


   Skills:
 + Level 3.4 Fighting
 + Level 3.1 Dodging
 - Level 1.7 Stealth
 * Level 3.6 Unarmed Combat


You had 2 spell levels left.
You didn't know any spells.
Your spell library was empty.

Dungeon Overview and Level Annotations

Branches:
Dungeon (2/15)

Altars:


Innate Abilities, Weirdness & Mutations

You sometimes gain a little power by taking damage.
Your movements are slightly less encumbered by armour. (ER -2)


Message History

You hit the bat but do no damage. The bat hits you. The bat barely misses you.
You miss the bat. The bat misses you.
You hit the bat.
The bat is severely wounded.
The bat hits you but does no damage. x2; The gnoll closely misses you.
You closely miss the bat.
The bat is severely wounded.
The bat barely misses you. The bat hits you but does no damage.
The gnoll barely misses you.
You hit the bat.
You kill the bat!
The gnoll hits you from afar with a +0 halberd!
The gnoll hits you with a +0 halberd.
The gnoll hits you from afar with a +0 halberd!
* * * LOW HITPOINT WARNING * * *
Things that are here:
a bat corpse; a rat corpse You closely miss the gnoll.
You hit the gnoll.
The gnoll is moderately wounded.
The gnoll barely misses you. x2
You hit the gnoll but do no damage.
The gnoll is moderately wounded.
The gnoll hits you but does no damage. x2
You hit the gnoll.
The gnoll is severely wounded.
The gnoll closely misses you. x2
You hit the gnoll but do no damage.
The gnoll is severely wounded.
The gnoll barely misses you.
The gnoll hits you from afar with a +0 halberd.
* * * LOW HITPOINT WARNING * * *
You hit the gnoll.
The gnoll is almost dead.
The gnoll barely misses you. The gnoll closely misses you.
You hit the gnoll but do no damage.
The gnoll is almost dead.
The gnoll closely misses you.
The gnoll hits you from afar with a +0 halberd!
You die...

.......#.########
........gg)b...#
.......#.#####.#
.......#.# #.#
.......#.# #.#
.........# #g#
.......### #.#
##...#.#.# #g#
..###.#@# #g#
#g### #.#
#gg.###.###
#....†gb..#
#..○###.#.# #.###
#...# #.° #####
###


You could see 3 gnolls.

Vanquished Creatures
  A gnoll (D:2)
  2 dart slugs
  5 bats
  4 endoplasms
  2 giant cockroaches (D:1)
  5 goblins
  6 hobgoblins
  2 quokkas (D:1)
  7 ball pythons
  2 frilled lizards (D:1)
  2 kobolds (D:1)
  6 rats
44 creatures vanquished.

Notes
Turn   | Place    | Note
-------+----------+-------------------------------------------
     0 | D:1      | boo the Demonspawn Monk began the quest for the Orb.
     0 | D:1      | Reached XP level 1. HP: 18/18 MP: 1/1
   100 | D:1      | Gained mutation: Your movements are slightly less
                  | encumbered by armour. (ER -2) [demonic ancestry]
   100 | D:1      | Reached XP level 2. HP: 11/24 MP: 2/2
   530 | D:1      | Gained mutation: You sometimes gain a little power by
                  | taking damage. [demonic ancestry]
   530 | D:1      | Reached XP level 3. HP: 29/29 MP: 3/3
  1391 | D:2      | Slain by a gnoll

Illustrated notes

Levels and vault maps discovered:
D:1:      dpeg_arrival_rooms_c, layout_loops_ring, minmay_tromino_v7
D:2:      layout_basic

Skill      XL: |  1  2 |
---------------+-------+-----
Unarmed Combat | 3 |  3.6
Dodging        | 3 |  3.1
Fighting       | |  3.4
Stealth        | |  1.7

Action                     || total
---------------------------++-------
  Melee: Unarmed           ||   182
         Punch             ||     1
    Use: Scroll            ||     7
         Potion            ||     1
   Stab: Sleeping          ||     1
 Armour: Robe              ||     4
         Scale mail        ||    73
  Dodge: Dodged            ||   116

Table legend: (Time is in decaauts)
 A = Elapsed time spent in this place.
 B = Non-inter-level travel time spent in this place.
 C = Inter-level travel time spent in this place.
 D = Time resting spent in this place.
 E = Time spent auto-exploring this place.
 F = Levels seen in this place.
 G = Mean time per level.
                   A        B        C        D        E       F      G
               +--------+--------+--------+--------+--------+-----+--------+
         Total |   1379 |   1367 |     12 |    124 |    848 |   2 |  689.5 |
       Dungeon |   1379 |   1367 |     12 |    124 |    848 |   2 |  689.5 |
               +--------+--------+--------+--------+--------+-----+--------+

Top non-repeatable levels by time:
     D:1: 937 daAuts
     D:2: 441 daAuts
